 Dungeon Crawl Stone Soup version 0.30-a0-778-g2ef04afb54 (webtiles) character file.

Game seed: 1429491432623798443

60 mopl the Sneak (level 4, 0/23 HPs)
             Began as a Vine Stalker Brigand on Feb 15, 2023.
             Succumbed to an orc wizard's poison
             ... on level 3 of the Dungeon.
             The game lasted 00:01:46 (2179 turns).

mopl the Sneak (Vine Stalker Brigand)               Turns: 2179, Time: 00:01:47

Health: 0/23       AC:  9    Str: 13    XL:     4   Next: 4%
Magic:  5/5        EV: 12    Int: 11    God:
Gold:   151        SH:  0    Dex: 24    Spells: 3/3 levels left

rFire   . . .      SeeInvis .    a - +2 dagger
rCold   . . .      Faith    .    (no shield)
rNeg    . . .      Spirit   +    b - +0 robe
rPois   .          Reflect  .    n - +0 helmet
rElec   .          Harm     .    c - +0 cloak
rCorr   .          Rampage  .    y - +0 pair of gloves
Will    .....                    (no boots)
Stlth   ++++                     (no amulet)
HPRegen 1.03/turn                f - +6 ring of dexterity
MPRegen 0.09/turn                q - +4 ring of protection

@: lethally poisoned (0 -> -5), flying, hasted, very quick
A: fangs 2, regeneration 1, magic shield, antimagic bite, no potion heal 2
a: no special abilities


You were on level 3 of the Dungeon.
You visited 1 branch of the dungeon, and saw 3 of its levels.

You collected 151 gold pieces.

Inventory:

Hand Weapons
 a - a +2 dagger (weapon)
Missiles
 d - 16 poisoned darts (quivered)
 e - 5 curare-tipped darts
 l - 8 boomerangs
Armour
 b - a +0 robe (worn)
 c - a +0 cloak (worn)
 n - a +0 helmet (worn)
 y - a +0 pair of gloves (worn)
Jewellery
 f - a +6 ring of dexterity (left hand)
 q - a +4 ring of protection (right hand)
 w - an amulet of reflection
Scrolls
 g - 3 scrolls of vulnerability {unknown}
 h - 3 scrolls of teleportation {unknown}
 j - 5 scrolls of poison {unknown}
 k - 4 scrolls of identify {unknown}
 m - a scroll of fear {unknown}
 r - a scroll of magic mapping {unknown}
 s - a scroll of summoning {unknown}
 t - a scroll of noise {unknown}
 u - a scroll of blinking {unknown}
 z - a scroll of enchant armour {unknown}
Potions
 o - a potion of attraction {unknown}
 p - 2 potions of haste
 v - a potion of berserk rage {unknown}
 x - a potion of curing {unknown}


   Skills:
 - Level 1.7 Fighting
 + Level 2.6 Short Blades
 + Level 2.6 Throwing
 - Level 0.7 Dodging
 + Level 5.6 Stealth


You had 3 spell levels left.
You didn't know any spells.
Your spell library contained the following spells:

 Spells                   Type           Power      Damage    Failure   Level
 Apportation              Tloc           0%         N/A       34%         1
 Ensorcelled Hibernation  Hex/Ice        0%         N/A       47%         2
 Spider Form              Tmut/Pois      0%         N/A       71%         3
 Anguish                  Hex/Necr       0%         N/A       98%         4
 Alistair's Intoxication  Tmut/Pois      0%         N/A       100%        5


Dungeon Overview and Level Annotations

Branches:
Dungeon (3/15)

Altars:

Shops:
D:3 ?


Innate Abilities, Weirdness & Mutations

You have extremely sharp teeth.
Your natural rate of healing is unusually fast.
When hurt, damage is shared between your health and your magic reserves.
Your bite disrupts and absorbs the magic of your enemies.
Potions cannot restore your health.


Message History

The orc hits you but does no damage.
You hit the orc wizard but do no damage.
The orc wizard is lightly wounded.
You feel very sick. The orc wizard closely misses you.
The orc wizard casts a spell.
The orc wizard flickers and vanishes!
Deactivating autopickup; reactivate with Ctrl-A.
The orc closely misses you.
You hit the orc wizard.
The orc wizard is moderately wounded.
You feel sick.
The orc wizard hits you but does no damage.
You are lethally poisoned!
The orc barely misses you. Something hits you.
You are too injured to fight recklessly!
You are too injured to fight recklessly!
You are too injured to fight recklessly!
You are too injured to fight recklessly!
You are too injured to fight recklessly!
You are too injured to fight recklessly!
You are too injured to fight recklessly!
You are too injured to fight recklessly!
You are too injured to fight recklessly!
You are too injured to fight recklessly!
You are too injured to fight recklessly!
You are too injured to fight recklessly!
* * * LOW HITPOINT WARNING * * *
You feel very sick.
The orc wizard attacks as you move away!
The orc wizard hits you but does no damage.
* * * LOW HITPOINT WARNING * * *
You feel very sick.
It was a potion of haste.
You feel yourself speed up.
* * * LOW HITPOINT WARNING * * *
You feel very sick.
It was a potion of flight.
You feel very buoyant.
You fly up into the air.
You die...

.....# #####.#.#
#..#.# #.#
.....# .#.#
#.##.# #.#
.....#
.#.####....# #.#
.....#
#..######## #.#
.....# #
#.?#∩+.# #.#
.....#
#.#..###.# #.#
.....#
#.#......# #.#
######
#.$......# #.# #
###@o....# #.# #
#o(....# #.#
#### #.)....#
#.# ...#
#......# #.#
##'### #......#
##.# .....##
#......# ##..#
......##
######## #..##
.......#
############
#.## .....#.#
#.....#....###.#


You could see an orc wizard and an orc.

Vanquished Creatures
  A worm (D:3)
  2 dart slugs (D:2)
  7 orcs (D:3)
  3 endoplasms
  A goblin (D:1)
  4 hobgoblins
  2 jackals (D:3)
  3 quokkas
  6 ball pythons
  5 bats
  2 frilled lizards (D:1)
  4 kobolds
  3 rats
43 creatures vanquished.

Notes
Turn   | Place    | Note
-------+----------+-------------------------------------------
     0 | D:1      | mopl the Vine Stalker Brigand began the quest for the Orb.
     0 | D:1      | Reached XP level 1. HP: 11/11 MP: 2/2
   298 | D:1      | Reached skill level 5 in Stealth
   301 | D:1      | Reached skill level 2 in Short Blades
   301 | D:1      | Reached skill level 2 in Throwing
   330 | D:1      | Reached XP level 2. HP: 13/15 MP: 1/3
  1285 | D:2      | Reached XP level 3. HP: 18/18 MP: 4/4
  2081 | D:3      | Gained mutation: Your natural rate of healing is unusually
                  | fast. [Vine Stalker growth]
  2081 | D:3      | Reached XP level 4. HP: 21/23 MP: 5/5
  2160 | D:3      | Found Hockusus's Magic Scroll Shoppe.
  2178 | D:3      | HP: 1/23 [poisoned by an orc wizard]
  2179 | D:3      | Succumbed to an orc wizard's poison

Illustrated notes

Levels and vault maps discovered:
D:1:      shiori_angband_town, layout_basic
D:2:      wander_river, layout_loops_corners, roderic_roman_lattice
D:3:      layout_basic, serial_shops, nicolae_shop_window_shopping

Skill      XL: |  1 |
---------------+----+-----
Stealth        | 5 |  5.6
Short Blades   | 2 |  2.6
Throwing       | 2 |  2.6
Fighting       | |  1.7
Dodging        | |  0.7

Action                     |  1- 3 |  4- 6 || total
---------------------------+-------+-------++-------
  Melee: Dagger            |    86 |     8 ||    94
         Bite              |    16 |       ||    16
         Punch             |     2 |       ||     2
    Use: Potion            |       |     2 ||     2
   Stab: Sleeping          |    10 |     2 ||    12
         Distracted        |     1 |       ||     1
 Armour: Robe              |    30 |     7 ||    37
  Dodge: Dodged            |    34 |     6 ||    40

Table legend: (Time is in decaauts)
 A = Elapsed time spent in this place.
 B = Non-inter-level travel time spent in this place.
 C = Inter-level travel time spent in this place.
 D = Time resting spent in this place.
 E = Time spent auto-exploring this place.
 F = Levels seen in this place.
 G = Mean time per level.
                   A        B        C        D        E       F      G
               +--------+--------+--------+--------+--------+-----+--------+
         Total |   2190 |   2132 |     58 |     21 |   1790 |   3 |  730.0 |
       Dungeon |   2190 |   2132 |     58 |     21 |   1790 |   3 |  730.0 |
               +--------+--------+--------+--------+--------+-----+--------+

Top non-repeatable levels by time:
     D:1: 957 daAuts
     D:2: 908 daAuts
     D:3: 323 daAuts
